 Dungeon Crawl Stone Soup version 0.30.1 (webtiles) character file.

Game seed: 2485139834635855694

980 booth the Digger (level 7, 0/50 HPs)
             Began as a Yellow Draconian Earth Elementalist on July 8, 2023.
             Was a Priest of Vehumet.
             Succumbed to a water moccasin's poison
             ... on level 5 of the Dungeon.
             The game lasted 00:42:50 (5521 turns).

booth the Digger (DrEE)                             Turns: 5521, Time: 00:42:51

Health: 0/50       AC:  8    Str:  9    XL:     7   Next: 96%
Magic:  11/13      EV: 12    Int: 22    God:    Vehumet [***...]
Gold:   378        SH:  0    Dex: 10    Spells: 3/14 levels left

rFire   + . .        k - +2 dagger (venom)
rCold   + + .        (no shield)
rNeg    . . .        (body armour unavailable)
rPois   .            (helmet restricted)
rElec   .            q - scarf {rC+ rF+}
rCorr   +            f - +0 pair of gloves
SInv    .            s - +0 pair of boots
Will    .....        (no amulet)
Stlth   ++           (no ring)
HPRegen 0.28/turn    (no ring)
MPRegen 0.13/turn

%: clarity
@: lethally poisoned (0 -> -14), attractive, flying
A: spit acid, AC +6, unfitting armour, cold-blooded, acid resistance, clarity,
clever 1, cold resistance 1, MP-powered wands
a: Breathe Acid, Renounce Religion


You were on level 5 of the Dungeon.
You worshipped Vehumet.
Vehumet was most pleased with you.
You visited 2 branches of the dungeon, and saw 6 of its levels.
You also visited: Sewer.

You collected 378 gold pieces.

Inventory:

Hand Weapons
 k - a +2 dagger of venom (weapon)
 r - a +2 mace of venom
Missiles
 l - 2 poisoned darts (quivered)
Armour
 e - a scarf of invisibility
 f - a +0 pair of gloves (worn)
 q - a scarf of resistance (worn)
 s - a +0 pair of boots (worn)
Scrolls
 c - a scroll of fear
 h - 4 scrolls of fog
 i - 4 scrolls of magic mapping
 m - 2 scrolls of amnesia
 p - a scroll of noise {unknown}
 t - a scroll of enchant weapon {unknown}
 u - a scroll of blinking {unknown}
Potions
 a - 2 potions of magic
 b - a potion of invisibility
 d - a potion of attraction
 g - 3 potions of ambrosia
 j - 2 potions of lignification
 n - 2 potions of mutation
 v - 2 potions of haste {unknown}
 w - a potion of cancellation {unknown}


   Skills:
 + Level 4.0 Dodging
 + Level 4.3 Stealth
 + Level 4.2 Spellcasting
 + Level 4.0 Transmutations
 + Level 5.0 Earth Magic


You had 3 spell levels left.
You knew the following spells:

 Your Spells              Type           Power      Damage    Failure   Level
a - Sandblast             Erth           52%        2d12      1%          1
b - Passwall              Tmut/Erth      20%        N/A       2%          2
c - Stone Arrow           Conj/Erth      30%        3d8       3%          3
d - Kiss of Death         Conj/Necr      16%        2d6       3%          1
e - Petrify               Tmut/Erth      24%        N/A       17%         4

Your spell library contained the following spells:

 Spells                   Type           Power      Damage    Failure   Level
 Volatile Blastmotes      Fire/Tloc      8%         2d10      9%          3
 Necrotise                Necr           16%        1d4       11%         1
 Ensorcelled Hibernation  Hex/Ice        8%         N/A       17%         2
 Call Canine Familiar     Summ           4%         N/A       32%         3
 Portal Projectile        Hex/Tloc       8%         N/A       32%         3
 Swiftness                Air            4%         N/A       32%         3
 Vampiric Draining        Necr           4%         2d6       32%         3
 Leda's Liquefaction      Hex/Erth       7%         N/A       36%         4
 Agony                    Necr           4%         N/A       97%         5


Dungeon Overview and Level Annotations

Branches:
Dungeon (5/15)             Temple (1/1) D:5           Sewer (visited)

Altars:
Ashenzari
Cheibriados
Dithmenos
Elyvilon
Fedhas
Hepliaklqana
Kikubaaqudgha
Makhleb
Nemelex Xobeh
Okawaru
Qazlal
Ru
Sif Muna
Trog
Uskayaw
Vehumet
Wu Jian
Xom
Yredelemnul
The Shining One

Shops:
D:5 :


Innate Abilities, Weirdness & Mutations

You can spit globs of acid.
Your golden yellow scales are hard. (AC +6)
You cannot fit into any form of body armour.
You are cold-blooded and may be slowed by cold attacks.
You are resistant to acid. (rCorr)
You possess an exceptional clarity of mind.
Your mind is acute. (Int +4, Str/Dex -1)
Your flesh is cold resistant. (rC+)
You expend magic power (3 MP) to strengthen your wands.


Message History

Items here: $ (( ))))) ††††.
You feel sick.
The water moccasin bites you but does no damage.
Casting: Sandblast (safe; 1% risk of failure)
Confirm with . or Enter, or press ? or * to list all spells.
Aiming: Sandblast (safe; 1% risk of failure)
Press: ? - help, Shift-Dir - straight line, f/p - water moccasin
Aim: a water moccasin (heavily wounded, 72% to hit)
The blast of sand misses the water moccasin.
The blast of sand hits the shadow imp!
You kill the shadow imp!
Vehumet accepts your kill.
You feel your power returning.
You feel sick.
You are no longer poisoned.
The water moccasin bites you but does no damage. x2
You barely miss the water moccasin.
The water moccasin is heavily wounded.
The water moccasin misses you.
It was a potion of attraction.
You feel attractive to monsters. The water moccasin bites you.
* * * LOW HITPOINT WARNING * * *
You closely miss the water moccasin.
Your tail-slap misses the water moccasin.
The water moccasin is heavily wounded.
The water moccasin closely misses you. The water moccasin bites you.
* * * LOW HITPOINT WARNING * * *
Okay, then.
As you read the scroll labelled QEHAAXZ RAME, it crumbles to dust.
It is a scroll of amnesia.
Really abort (and waste the scroll)?
Okay, then.
The water moccasin bites you.
* * * LOW HITPOINT WARNING * * *
You are lethally poisoned!
The water moccasin poisons you!
It was a potion of flight.
You feel very buoyant.
You fly up into the air.
You die...

#...†)...### ###.
#...##.#
##......##.## #.
#.#.##.#
##†...##...##
...#.##.#
.$.####'####.....##
#####.##.#
...'......'.......#
........#
$..########.......#
####>#..# #.......#
###.#..# . ##†....##
#.<....# .. #.).)@#
#.###.###
...#####S#### #.
#...# ...O..Oo...#
#.###.#.#
..##.......#
........# ##.....##
#.#.#...# ##...###
#.......# #...#.#
........#
###.##.####.....#..#
#.###..............#


You could see a water moccasin, an ogre and an orc priest.

Vanquished Creatures
  2 bullfrogs (Sewer)
  2 scorpions (D:5)
  A howler monkey (D:5)
  2 jellies
  3 orc priests (D:5)
  2 hounds (D:5)
  3 iguanas (D:5)
  A sleepcap (D:5)
  An orc wizard (D:5)
  20 adders
  6 river rats (Sewer)
  A shadow imp (D:5)
  3 worms
  A dart slug (D:3)
  13 orcs
  16 ball pythons
  11 endoplasms
  5 giant cockroaches
  9 goblins
  6 hobgoblins
  8 kobolds
  A quokka (D:1)
  A bat (D:1)
  A frilled lizard (D:1)
  24 rats
143 creatures vanquished.

Notes
Turn   | Place    | Note
-------+----------+-------------------------------------------
     0 | D:1      | booth the Draconian Earth Elementalist began the quest for
                  | the Orb.
     0 | D:1      | Reached XP level 1. HP: 14/14 MP: 3/3
   415 | D:1      | Reached XP level 2. HP: 20/20 MP: 3/5
   418 | D:1      | Learned a level 2 spell: Passwall
  1231 | D:2      | Reached XP level 3. HP: 16/26 MP: 0/6
  1520 | D:2      | Found a radiant altar of Vehumet.
  1542 | D:2      | Became a worshipper of Vehumet
  1702 | D:2      | Learned a level 3 spell: Stone Arrow
  1844 | D:3      | Found a bloodstained altar of Trog.
  1844 | D:3      | Found a white marble altar of Elyvilon.
  1844 | D:3      | Found a sparkling altar of Nemelex Xobeh.
  1844 | D:3      | Found a basalt altar of Yredelemnul.
  1851 | D:3      | Found a snail-covered altar of Cheibriados.
  1851 | D:3      | Found a blossoming altar of Fedhas.
  2010 | D:3      | Found a faded altar of an unknown god.
  2196 | D:3      | Reached XP level 4. HP: 33/33 MP: 4/7
  2952 | D:4      | Found a glowing drain.
  3012 | Sewer    | Entered a sewer
  3031 | Sewer    | Reached * piety under Vehumet
  3031 | Sewer    | Offered knowledge of Magic Dart by Vehumet.
  3099 | Sewer    | Reached XP level 5. HP: 38/38 MP: 4/9
  3468 | Sewer    | Reached ** piety under Vehumet
  3486 | Sewer    | Reached skill level 4 in Earth Magic
  3554 | Sewer    | Offered knowledge of Kiss of Death by Vehumet.
  3559 | Sewer    | Learned a level 1 spell: Kiss of Death
  3667 | Sewer    | Reached XP level 6. HP: 45/45 MP: 8/10
  3699 | Sewer    | Gained mutation: You possess an exceptional clarity of
                  | mind. [potion of mutation]
  3699 | Sewer    | Gained mutation: You expend magic power (3 MP) to
                  | strengthen your wands. [potion of mutation]
  3699 | Sewer    | Gained mutation: Your mind is acute. (Int +4, Str/Dex -1)
                  | [potion of mutation]
  3699 | Sewer    | Gained mutation: Your flesh is cold resistant. (rC+)
                  | [potion of mutation]
  3976 | D:4      | Learned a level 4 spell: Petrify
  4030 | D:4      | Offered knowledge of Volatile Blastmotes by Vehumet.
  4355 | D:5      | Entered Level 5 of the Dungeon
  4502 | D:5      | Your scales start taking on a golden yellow colour.
  4502 | D:5      | Reached XP level 7. HP: 50/50 MP: 7/12
  4502 | D:5      | Gained mutation: You are resistant to acid. (rCorr) [Yellow
                  | Draconian growth]
  4677 | D:5      | Found a staircase to the Ecumenical Temple.
  4679 | D:5      | Found Apikapnuif's Book Shop.
  4687 | Temple   | Entered the Ecumenical Temple
  5235 | D:5      | Reached *** piety under Vehumet
  5392 | D:5      | Reached skill level 5 in Earth Magic
  5521 | D:5      | Succumbed to a water moccasin's poison

Illustrated notes

Levels and vault maps discovered:
D:1:      giann_horns, layout_basic
D:2:      layout_rooms, basic_altar, grunt_decor_cap,
          chequers_hall_statues_wall_a
D:3:      minmay_door_path, layout_rooms, minmay_overflow_temple_hex,
          hellmonk_ecumenical_altar_slurped_away
D:4:      layout_basic, cheibrodos_sewer_entry_bend, serial_bayou_pond_d
D:5:      minmay_polygon_palace, layout_loops_ring,
          minmay_temple_entry_proselytizer, serial_shops,
          nicolae_shop_behind_doors
Temple:   compressed_dpeg_circular_temple

Skill      XL: |  1  2  3  4  5  6  7 |
---------------+----------------------+-----
Stealth        | 2 3 4 |  4.3
Dodging        | 2 3 4 |  4.0
Transmutations | 2 3 4 |  4.0
Spellcasting   | 3 4 |  4.2
Earth Magic    | 4 5 |  5.0

Action                     |  1- 3 |  4- 6 |  7- 9 || total
---------------------------+-------+-------+-------++-------
  Melee: Short sword       |     3 |       |       ||     3
         Club              |     1 |       |       ||     1
         Tailslap          |     1 |    10 |     3 ||    14
         Dagger            |     5 |    93 |    23 ||   121
         Punch             |       |       |     1 ||     1
  Throw: Dart              |     1 |    15 |     3 ||    19
   Cast: Sandblast         |    63 |    95 |    37 ||   195
         Stone Arrow       |       |       |     2 ||     2
    Use: Scroll            |     4 |     3 |     1 ||     8
         Potion            |     1 |     9 |     2 ||    12
   Stab: Sleeping          |       |     2 |       ||     2
 Armour: Skin              |     7 |   128 |    17 ||   152
  Dodge: Dodged            |    18 |   160 |    33 ||   211
